 Dungeon Crawl Stone Soup version 0.24.0-13-gcf9b3192b9 (console) character file.

Game seed: 12159654247694727550, levelgen mode: deterministic

2 AlterAsc the Insei (level 1, 0/10 HPs)
             Began as a Vine Stalker Transmuter on Nov 10, 2019.
             Slain by a kobold
             ... wielding a +0 whip
              (5 damage)
             ... on level 1 of the Dungeon.
             The game lasted 00:00:15 (34 turns).

AlterAsc the Insei (Vine Stalker Transmuter)          Turns: 34, Time: 00:00:16

Health: 0/10       AC:  2    Str: 12    XL:     1   Next: 40%
Magic:  0/4        EV: 12    Int: 13    God:
Gold:   16         SH:  0    Dex: 14    Spells: 3/4 levels left

rFire    . . .     SeeInvis .     - Unarmed
rCold    . . .     Gourm    .   (no shield)
rNeg     . . .     Faith    .   b - +0 robe
rPois    .         Spirit   +   (no helmet)
rElec    .         Reflect  .   (no cloak)
rCorr    .         Harm     .   (no gloves)
MR       .....                  (no boots)
Stlth    +.........             (no amulet)
HPRegen  0.03/turn              (no ring)
MPRegen  0.09/turn              (no ring)

@: appendage (expiring)
A: fangs 2, horns 2, magic shield, antimagic bite, no potion heal 3, rot
immunity
a: End Transformation


You were on level 1 of the Dungeon.
You were not hungry.
You had grown temporary horns.
You visited 1 branch of the dungeon, and saw 1 of its levels.

You collected 16 gold pieces.

Inventory:

Missiles
 a - 39 arrows
Armour
 b - a +0 robe (worn)
Scrolls
 c - 3 scrolls of amnesia {unknown}
Comestibles
 d - a ration


   Skills:
 + Level 1.0 Fighting
 - Level 1.6 Dodging
 + Level 3.0 Unarmed Combat
 + Level 2.2 Spellcasting
 * Level 2.0 Transmutations


You had 3 spell levels left.
You knew the following spells:

 Your Spells              Type           Power        Failure   Level  Hunger
a - Beastly Appendage     Tmut           #.....       11%         1    ##.....

Your spell library contained the following spells:

 Spells                   Type           Power        Failure   Level  Hunger
 Sticks to Snakes         Tmut           #.......     16%         2    ###....
 Spider Form              Tmut/Pois      #.........   43%         3    ####...
 Ice Form                 Ice/Tmut       #.......     85%         4    #####..
 Blade Hands              Tmut           #.........   96%         5    ######.


Dungeon Overview and Level Annotations

Branches:
Dungeon (1/15)

Altars:


Innate Abilities, Weirdness & Mutations

You have extremely sharp teeth.
When hurt, damage is shared between your health and your magic reserves.
Your bite disrupts and absorbs the magic of your enemies.
Potions cannot restore your health.
You are immune to rotting.
You have a pair of horns on your head.


Message History

The hobgoblin closely misses you.
You closely miss the hobgoblin.
You bite the hobgoblin, but do no damage.
The hobgoblin is almost dead.
Your transformation is almost over.
The hobgoblin hits you with a +0 club.
You barely miss the hobgoblin. You headbutt the hobgoblin.
You kill the hobgoblin!
Your Fighting skill increases to level 1!
The kobold throws a stone.
The stone barely misses you. The kobold closely misses you.
You closely miss the kobold. Your headbutt misses the kobold.
Your bite misses the kobold. The kobold hits you with a +0 whip.
Ouch! That really hurt!
You are too injured to fight recklessly!
You are too injured to fight recklessly!
You hit the kobold but do no damage. Your headbutt misses the kobold.
Your bite misses the kobold. The kobold hits you with a +0 whip!
Ouch! That really hurt!
You die...

#... #... #... ...
$. #. ####
#.####K##...# ##
#.%....@..#.# ...
.(.....(....#
##.#########.##..#
#.............#..#
#.#####.#####.# .#
#.#≈≈;#.#≈≈;#.# .#
#.#≈≈≈#.#≈≈≈#.# #
#.#≈≈≈#.#≈≈≈#.#
#.#####[#####.#


You could see an electric eel and a kobold.

Vanquished Creatures
  2 hobgoblins (D:1)
2 creatures vanquished.

Notes
Turn   | Place    | Note
-------+----------+-------------------------------------------
     0 | D:1      | AlterAsc the Vine Stalker Transmuter began the quest for
                  | the Orb.
     0 | D:1      | Reached XP level 1. HP: 9/9 MP: 4/4
     7 | D:1      | Noticed an electric eel
     7 | D:1      | Noticed an electric eel
    30 | D:1      | Reached skill level 1 in Fighting
    34 | D:1      | Slain by a kobold

Levels and vault maps discovered:
D:1:      arrival_aquarium_b, layout_basic, minmay_lizard_king

Skill      XL: |  1 |
---------------+----+-----
Fighting       | 1 |  1.0
Dodging        | |  1.6
Unarmed Combat | |  3.0
Spellcasting   | |  2.2
Transmutations | |  2.0

Action                   || total
-------------------------++-------
Melee: Unarmed           ||     9
       Bite              ||     4
       Kick              ||     1
       Headbutt          ||     1
       Punch             ||     1
 Cast: Beastly Appendage ||     2
Armor: Robe              ||     1
Dodge: Dodged            ||     7
